Devils vs Bruins

Created - April 20, 2021 at 19:04

Goals
1 2 3 T
Devils 1 2 4 7
Bruins 0 3 1 4
Shots
1 2 3 T
Devils 4 8 21 33
Bruins 7 7 16 30

1st period

1. Devils , Marian Gaborik 41 (Nazem Kadri 69) at 14:43

Penalties :
Anton Stralman (NJD) for Hooking (Minor) at 0:22, Miikka Salomaki (Bos) for Hooking (Minor) at 4:21, Henrik Sedin (Bos) for High sticking (Minor) at 9:37

2nd period

2. Bruins , Victor Oreskovich 16 (Henrik Sedin 45, Jason Demers 35) at 4:07
3. Bruins , Mike Ribeiro 13 (Andrei Kostitsyn 13, Matt Read 19) at 8:17
4. Bruins , Scott Hartnell 17 (Victor Oreskovich 34, Henrik Sedin 46) at 10:59
5. Devils , Marian Gaborik 42 (Tyler Ennis 54, Nazem Kadri 70) at 13:56
6. Devils , Marian Gaborik 43 (Josh Gorges 14, Tyler Ennis 55) at 17:09

Penalties :
Wojtek Wolski (Bos) for High sticking (Minor) at 4:30, Marian Gaborik (NJD) for Delaying the game (Minor) at 14:31, Jason Demers (Bos) for Hooking (Minor) at 17:43

3rd period

7. Bruins , Henrik Sedin 17 (Dan Hamhuis 18, Wojtek Wolski 49) at 1:07 (PP)
8. Devils , Jamie Arniel 17 (Zach Parise 21, Anton Stralman 27) at 1:37
9. Devils , Tyler Ennis 45 (Nazem Kadri 71, Marian Gaborik 56) at 6:22 (PP)
10. Devils , Patrick Kaleta 14 (Brad Richards 23, Kristopher Letang 24) at 9:39
11. Devils , Michael Del Zotto 4 (Jamie Arniel 22, Marian Gaborik 57) at 16:54 (PP)

Penalties :
Anton Stralman (NJD) for Delaying the game (Minor) at 0:50, Andrei Kostitsyn (Bos) for Tripping (Minor) at 6:08, Jonathan Toews (Bos) for Goalie Interference (Minor) at 10:35, Matt Read (Bos) for Tripping (Minor) at 15:44

Goalie Stats

Maxime Daigneault (NJD), 26 saves from 30 shots - (0.867), W, 38-18-8, 60:00 minutes
Josh Tordjman (Bos), 5 saves from 6 shots - (0.833), 10:21 minutes
Kevin Poulin (Bos), 21 saves from 27 shots - (0.778), L, 37-18-5, 49:39 minutes

Players Stats for Devils

Player Name              G  A  P  +/- PIM S  H  SB GA TA FO     MP     PP MP  PK MP  
------------------------------------------------------------------------------------
Anton Stralman           0  1  1   0  4   1  0  1  0  1  0/0    26:21   7:08   1:01 
Brad Richards            0  1  1   1  0   0  0  0  0  0  3/5    11:54   0:15   1:03 
Brad Richardson          0  0  0   0  0   0  0  0  0  0  0/0     4:43   0:00   0:00 
Chris Stewart            0  0  0   0  0   1  2  0  1  0  0/0    18:01   5:05   0:00 
Jamie Arniel             1  1  2   0  0   1  3  0  0  0  8/15   18:01   5:05   0:00 
Josh Gorges              0  1  1   3  0   2  0  2  0  0  0/0    20:35   4:11   1:55 
Kristopher Letang        0  1  1   1  0   0  1  1  1  1  0/0    29:46   7:08   2:20 
Marian Gaborik           3  2  5   2  2   7  4  0  0  1  3/4    28:11   6:11   1:17 
Martin Samuelsson        0  0  0   0  0   0  0  0  0  0  0/1    11:58   0:00   1:25 
Matt Donovan             0  0  0  -2  0   2  0  3  0  0  0/0    10:26   0:00   0:47 
Michael Del Zotto        1  0  1   3  0   3  2  3  0  0  0/0    20:35   4:11   1:55 
Mike Weber               0  0  0   1  0   0  0  0  0  0  0/0     2:44   0:00   0:32 
Nazem Kadri              0  3  3   1  0   2  0  2  0  1  23/39  23:45   6:14   1:07 
Nick Bonino              0  0  0   0  0   0  1  0  1  0  2/3     4:43   0:00   0:00 
Patrick Kaleta           1  0  1   0  0   3  1  2  0  0  0/0     9:46   0:03   0:00 
Thomas Hickey            0  0  0  -2  0   2  1  1  0  0  0/0     9:39   0:00   0:00 
Tyler Ennis              1  2  3   2  0   5  1  1  0  0  1/1    25:21   5:59   2:26 
Zach Parise              0  1  1   0  0   4  1  0  0  1  0/1    19:13   5:05   1:12 

Players Stats for Bruins

Player Name              G  A  P  +/- PIM S  H  SB GA TA FO     MP     PP MP  PK MP  
------------------------------------------------------------------------------------
Andrei Kostitsyn         0  1  1   0  2   2  0  1  0  0  0/1    13:18   1:53   1:54 
Brendan Smith            0  0  0  -1  0   4  1  2  1  0  0/0    31:12   2:32   7:04 
Casey Cizikas            0  0  0  -1  0   0  0  0  0  0  1/2     7:53   0:00   1:36 
Dan Hamhuis              0  1  1  -1  0   2  0  3  1  1  0/0    20:37   1:43   4:21 
Henrik Sedin             1  2  3   0  2   2  2  0  1  0  10/17  17:58   2:22   2:32 
Jason Demers             0  1  1  -1  2   2  2  1  0  1  0/0    29:45   2:32   5:54 
Johnny Boychuk           0  0  0  -1  0   0  1  0  0  0  0/0    20:14   1:43   4:15 
Jonathan Toews           0  0  0  -1  2   2  3  2  0  0  12/33  20:43   1:53   2:29 
Kris Chucko              0  0  0  -1  0   0  1  0  0  0  0/0     5:54   0:00   0:00 
Matt Read                0  1  1   0  2   1  1  0  0  0  1/2    12:01   0:00   2:36 
Miikka Salomaki          0  0  0  -1  2   1  0  0  0  0  0/0     5:54   0:00   0:00 
Mike Ribeiro             1  0  1   0  0   1  0  0  0  0  0/4     9:25   0:00   0:00 
Samuel Morin             0  0  0   0  0   0  1  1  0  0  0/0     9:38   0:00   1:04 
Scott Hartnell           1  0  1   0  0   3  0  2  0  0  0/1    12:42   0:00   0:00 
Slava Voynov             0  0  0   0  0   0  0  0  0  0  0/0     8:34   0:00   0:00 
Victor Oreskovich        1  1  2   0  0   6  2  0  0  0  1/1    14:40   1:53   0:00 
Wojtek Wolski            0  1  1  -1  2   2  2  0  1  0  3/7    23:27   2:22   5:10 
Zack Kassian             0  0  0  -1  0   2  2  0  1  1  1/1    24:39   2:22   6:21 

3 Stars

1 - Marian Gaborik (NJD)
2 - Tyler Ennis (NJD)
3 - Michael Del Zotto (NJD)

Power Play

Devils - 2 on 7 Attempt(s) - 28.57%
Bruins - 1 on 3 Attempt(s) - 33.33%

Penalty Kill

Devils - 2 on 3 Attempt(s) - 66.67% - Score 0 goal in Penalty Kill
Bruins - 5 on 7 Attempt(s) - 71.43% - Score 0 goal in Penalty Kill

Team Stat

Devils - Hits : 17 - Faceoff Wins : 40 - Blocked Shots : 16 - Penalty Minutes : 6
Bruins - Hits : 18 - Faceoff Wins : 29 - Blocked Shots : 12 - Penalty Minutes : 14

Official

Referees : Unknown
Linesman : Unknown

Game Notes

Marian Gaborik has scored a Hat Trick!
Josh Tordjman enters game at 9:39 of 3rd period

Finance

Level 1 -- Attendance: 4343 (72.38%) -- Ticket Income $538,532
Level 2 -- Attendance: 4156 (83.12%) -- Ticket Income $311,700
Level 3 -- Attendance: 1738 (86.90%) -- Ticket Income $76,472
Level 4 -- Attendance: 4000 (100.00%) -- Ticket Income $116,000
Luxury Box -- Attendance: 719 (71.90%) -- Ticket Income $157,461
Game was played at the TD Banknorth Garden.
Total Attendance: 14956 (83.09%)
Total Ticket Income: $1,200,165
Other Income: $180,025
Total Income: $1,380,190

Devils

5 vs 5 Forward 
   Center                   Left Wing                Right Wing               Time % Phy DF OF 
 1 Nazem Kadri              Tyler Ennis              Marian Gaborik           40     1   2  2  
 2 Jamie Arniel             Zach Parise              Chris Stewart            30     1   2  2  
 3 Brad Richards            Martin Samuelsson        Patrick Kaleta           20     1   2  2  
 4 Nick Bonino              Marian Gaborik           Brad Richardson          10     1   2  2  

5 vs 5 Defense 
   Defense                  Defense                                           Time % Phy DF OF 
 1 Kristopher Letang        Anton Stralman                                    40     1   2  2  
 2 Michael Del Zotto        Josh Gorges                                       30     1   2  2  
 3 Thomas Hickey            Matt Donovan                                      20     1   2  2  
 4 Mike Weber               Kristopher Letang                                 10     1   2  2  

PowerPlay Forward 
   Center                   Left Wing                Right Wing               Time % Phy DF OF 
 1 Nazem Kadri              Tyler Ennis              Marian Gaborik           60     1   2  2  
 2 Jamie Arniel             Zach Parise              Chris Stewart            40     1   2  2  

PowerPlay Defense
   Defense                  Defense                                           Time % Phy DF OF 
 1 Kristopher Letang        Anton Stralman                                    60     1   2  2  
 2 Michael Del Zotto        Josh Gorges                                       40     1   2  2  

Penalty Kill 4 Players Forward 
   Center                   Wing                     Time % Phy DF OF 
 1 Marian Gaborik           Tyler Ennis              60     1   2  2  
 2 Nazem Kadri              Zach Parise              40     1   2  2  

Penalty Kill 4 Players Defense
   Defense                  Defense                  Time % Phy DF OF 
 1 Kristopher Letang        Anton Stralman           60     1   2  2  
 2 Michael Del Zotto        Josh Gorges              40     1   2  2  

Penalty Kill - 3 Players Forward 
   Forward                                           Time % Phy DF OF 
 1 Marian Gaborik                                    60     1   2  2  
 2 Tyler Ennis                                       40     1   2  2  

Penalty Kill - 3 Players Defense
   Defense                  Defense                  Time % Phy DF OF 
 1 Kristopher Letang        Anton Stralman           60     1   2  2  
 2 Michael Del Zotto        Josh Gorges              40     1   2  2  

4 vs 4 Forward 
   Center                   Wing                     Time % Phy DF OF 
 1 Marian Gaborik           Tyler Ennis              60     1   2  2  
 2 Nazem Kadri              Zach Parise              40     1   2  2  

4 vs 4 Defense
   Defense                  Defense                  Time % Phy DF OF 
 1 Kristopher Letang        Anton Stralman           60     1   2  2  
 2 Michael Del Zotto        Josh Gorges              40     1   2  2  

Last Minutes Offensive
   Center                   Left Wing                Right Wing               Defense                  Defense                  
   Nazem Kadri              Tyler Ennis              Marian Gaborik           Kristopher Letang        Anton Stralman           

Last Minutes Defensive
   Center                   Left Wing                Right Wing               Defense                  Defense                  
   Nazem Kadri              Tyler Ennis              Marian Gaborik           Kristopher Letang        Anton Stralman           

Goaltenders
Starting : Maxime Daigneault        
Backup : Thomas McCollum          

Extra Forwards
Normal : Brad Richards, Patrick Kaleta, Martin Samuelsson - PP : Brad Richards, Patrick Kaleta - PK : Martin Samuelsson
Extra Defensemen
Normal : Thomas Hickey, Matt Donovan, Mike Weber - PP : Thomas Hickey - PK : Matt Donovan, Mike Weber
Penalty Shots
Marian Gaborik, Tyler Ennis, Nazem Kadri, Zach Parise, Jamie Arniel

Scratches
Eric Tangradi (Healthy)

Bruins

5 vs 5 Forward 
   Center                   Left Wing                Right Wing               Time % Phy DF OF 
 1 Jonathan Toews           Wojtek Wolski            Zack Kassian             40     1   2  2  
 2 Henrik Sedin             Scott Hartnell           Victor Oreskovich        30     1   2  2  
 3 Mike Ribeiro             Andrei Kostitsyn         Matt Read                20     1   2  2  
 4 Casey Cizikas            Kris Chucko              Miikka Salomaki          10     1   2  2  

5 vs 5 Defense 
   Defense                  Defense                                           Time % Phy DF OF 
 1 Jason Demers             Brendan Smith                                     40     1   2  2  
 2 Dan Hamhuis              Johnny Boychuk                                    30     1   2  2  
 3 Slava Voynov             Samuel Morin                                      20     1   2  2  
 4 Jason Demers             Brendan Smith                                     10     1   2  2  

PowerPlay Forward 
   Center                   Left Wing                Right Wing               Time % Phy DF OF 
 1 Henrik Sedin             Wojtek Wolski            Zack Kassian             60     1   2  2  
 2 Jonathan Toews           Andrei Kostitsyn         Victor Oreskovich        40     1   2  2  

PowerPlay Defense
   Defense                  Defense                                           Time % Phy DF OF 
 1 Jason Demers             Brendan Smith                                     60     1   2  2  
 2 Dan Hamhuis              Johnny Boychuk                                    40     1   2  2  

Penalty Kill 4 Players Forward 
   Center                   Wing                     Time % Phy DF OF 
 1 Wojtek Wolski            Zack Kassian             60     1   2  2  
 2 Henrik Sedin             Jonathan Toews           40     1   2  2  

Penalty Kill 4 Players Defense
   Defense                  Defense                  Time % Phy DF OF 
 1 Jason Demers             Brendan Smith            60     1   2  2  
 2 Dan Hamhuis              Johnny Boychuk           40     1   2  2  

Penalty Kill - 3 Players Forward 
   Forward                                           Time % Phy DF OF 
 1 Wojtek Wolski                                     60     1   2  2  
 2 Zack Kassian                                      40     1   2  2  

Penalty Kill - 3 Players Defense
   Defense                  Defense                  Time % Phy DF OF 
 1 Jason Demers             Brendan Smith            60     1   2  2  
 2 Dan Hamhuis              Johnny Boychuk           40     1   2  2  

4 vs 4 Forward 
   Center                   Wing                     Time % Phy DF OF 
 1 Wojtek Wolski            Zack Kassian             60     1   2  2  
 2 Henrik Sedin             Jonathan Toews           40     1   2  2  

4 vs 4 Defense
   Defense                  Defense                  Time % Phy DF OF 
 1 Jason Demers             Brendan Smith            60     1   2  2  
 2 Dan Hamhuis              Johnny Boychuk           40     1   2  2  

Last Minutes Offensive
   Center                   Left Wing                Right Wing               Defense                  Defense                  
   Henrik Sedin             Wojtek Wolski            Zack Kassian             Jason Demers             Brendan Smith            

Last Minutes Defensive
   Center                   Left Wing                Right Wing               Defense                  Defense                  
   Henrik Sedin             Wojtek Wolski            Zack Kassian             Jason Demers             Brendan Smith            

Goaltenders
Starting : Kevin Poulin             
Backup : Josh Tordjman            

Extra Forwards
Normal : Andrei Kostitsyn, Mike Ribeiro, Matt Read - PP : Andrei Kostitsyn, Mike Ribeiro - PK : Matt Read
Extra Defensemen
Normal : Slava Voynov, Samuel Morin, Dan Hamhuis - PP : Slava Voynov - PK : Samuel Morin, Dan Hamhuis
Penalty Shots
Wojtek Wolski, Zack Kassian, Henrik Sedin, Jonathan Toews, Scott Hartnell

Scratches
Rene Bourque (Healthy), Ian Cole (Healthy)

% Time on Ice - Devils

Lines # - Real PCT - Wanted PCT - Time Play
Normal Forward
1 - 39% - 40% - 17:11
2 - 29% - 30% - 12:56
3 - 22% - 20% - 9:36
4 - 11% - 10% - 4:43
Normal Defense
1 - 41% - 40% - 18:06
2 - 33% - 30% - 14:29
3 - 22% - 20% - 9:39
4 - 5% - 10% - 2:12
PP Forward
1 - 55% - 60% - 6:14
2 - 45% - 40% - 5:05
PP Defense
1 - 63% - 60% - 7:08
2 - 37% - 40% - 4:11
PK Forward
1 - 82% - 60% - 3:28
2 - 18% - 40% - 0:47
PK Defense
1 - 55% - 60% - 2:20
2 - 45% - 40% - 1:55
PK3 Forward
1 - 0% - 60%
2 - 0% - 40%
PK3 Defense
1 - 0% - 60%
2 - 0% - 40%
44 Forward
1 - 0% - 60%
2 - 0% - 40%
44 Defense
1 - 0% - 60%
2 - 0% - 40%
Last Minute Offensive  - 0:00
Last Minute Defensive  - 0:00
Total
Forward - 60:00
Defense - 60:00

% Time on Ice - Bruins

Lines # - Real PCT - Wanted PCT - Time Play
Normal Forward
1 - 36% - 40% - 15:58
2 - 30% - 30% - 13:09
3 - 21% - 20% - 9:25
4 - 13% - 10% - 5:54
Normal Defense
1 - 44% - 40% - 19:25
2 - 32% - 30% - 14:16
3 - 19% - 20% - 8:34
4 - 5% - 10% - 2:11
PP Forward
1 - 56% - 60% - 2:22
2 - 44% - 40% - 1:53
PP Defense
1 - 60% - 60% - 2:32
2 - 40% - 40% - 1:43
PK Forward
1 - 71% - 60% - 8:04
2 - 29% - 40% - 3:15
PK Defense
1 - 62% - 60% - 7:04
2 - 38% - 40% - 4:15
PK3 Forward
1 - 0% - 60%
2 - 0% - 40%
PK3 Defense
1 - 0% - 60%
2 - 0% - 40%
44 Forward
1 - 0% - 60%
2 - 0% - 40%
44 Defense
1 - 0% - 60%
2 - 0% - 40%
Last Minute Offensive  - 0:00
Last Minute Defensive  - 0:00
Total
Forward - 60:00
Defense - 60:00

Play-by-Play

1st period


0:01 of 1st period - Nazem Kadri wins face-off versus Jonathan Toews in neutral zone.
0:12 of 1st period - Snap shot by Nazem Kadri.
0:12 of 1st period - Shot Misses the Net.
0:22 of 1st period - Minor Penalty to Anton Stralman for Hooking.
0:23 of 1st period - Marian Gaborik wins face-off versus Henrik Sedin in Devils zone.
0:50 of 1st period - Marian Gaborik is hit by Jonathan Toews and loses puck.
2:22 of 1st period - Penalty to Anton Stralman is over, Anton Stralman is back on ice.
2:59 of 1st period - Off-side.
3:00 of 1st period - Nick Bonino wins face-off versus Henrik Sedin in neutral zone.
3:31 of 1st period - Slava Voynov is hit by Jamie Arniel and loses puck.
4:08 of 1st period - Patrick Kaleta is hit by Jason Demers and loses puck.
4:21 of 1st period - Minor Penalty to Miikka Salomaki for Hooking.
4:22 of 1st period - Wojtek Wolski wins face-off versus Nazem Kadri in Bruins zone.
4:31 of 1st period - Slapshot by Brendan Smith.
4:31 of 1st period - Stopped by Maxime Daigneault with a rebound.
6:21 of 1st period - Penalty to Miikka Salomaki is over, Miikka Salomaki is back on ice.
7:06 of 1st period - Wrist shot by Kris Chucko.
7:06 of 1st period - Shot Misses the Net.
7:34 of 1st period - Andrei Kostitsyn is hit by Chris Stewart and loses puck.
8:26 of 1st period - Snap shot by Henrik Sedin.
8:26 of 1st period - Shot Hit the Post.
8:28 of 1st period - Wrist shot by Victor Oreskovich.
8:28 of 1st period - Shot Blocked by Josh Gorges.
8:46 of 1st period - Josh Gorges is hit by Samuel Morin and loses puck.
9:10 of 1st period - Wojtek Wolski is hit by Nick Bonino and loses puck.
9:21 of 1st period - Wrist shot by Victor Oreskovich.
9:21 of 1st period - Stopped by Maxime Daigneault without a rebound.
9:22 of 1st period - Henrik Sedin wins face-off versus Brad Richards in Devils zone.
9:37 of 1st period - Minor Penalty to Henrik Sedin for High sticking.
9:38 of 1st period - Nazem Kadri wins face-off versus Wojtek Wolski in Bruins zone.
9:41 of 1st period - Slapshot by Nazem Kadri.
9:41 of 1st period - Shot Misses the Net.
9:51 of 1st period - Zack Kassian is hit by Marian Gaborik and loses puck.
10:20 of 1st period - Snap shot by Jamie Arniel.
10:20 of 1st period - Shot Blocked by Dan Hamhuis.
11:36 of 1st period - Chris Stewart is hit by Jonathan Toews and loses puck.
11:37 of 1st period - Penalty to Henrik Sedin is over, Henrik Sedin is back on ice.
11:43 of 1st period - Zach Parise is hit by Henrik Sedin and loses puck.
12:58 of 1st period - Snap shot by Jonathan Toews.
12:58 of 1st period - Stopped by Maxime Daigneault without a rebound.
12:59 of 1st period - Brad Richards wins face-off versus Jonathan Toews in Devils zone.
13:20 of 1st period - Snap shot by Scott Hartnell.
13:20 of 1st period - Stopped by Maxime Daigneault without a rebound.
13:21 of 1st period - Henrik Sedin wins face-off versus Nazem Kadri in Devils zone.
13:24 of 1st period - Wrist shot by Henrik Sedin.
13:24 of 1st period - Shot Misses the Net.
13:26 of 1st period - Wrist shot by Victor Oreskovich.
13:26 of 1st period - Shot Misses the Net.
13:28 of 1st period - Snap shot by Scott Hartnell.
13:28 of 1st period - Stopped by Maxime Daigneault without a rebound.
13:29 of 1st period - Nazem Kadri wins face-off versus Jonathan Toews in Devils zone.
13:29 of 1st period - Nazem Kadri is hit by Jonathan Toews.
13:39 of 1st period - Wrist shot by Marian Gaborik.
13:39 of 1st period - Stopped by Kevin Poulin with a rebound.
14:19 of 1st period - Wrist shot by Patrick Kaleta.
14:19 of 1st period - Stopped by Kevin Poulin with a rebound.
14:27 of 1st period - Wrist shot by Victor Oreskovich.
14:27 of 1st period - Shot Blocked by Josh Gorges.
14:29 of 1st period - Wrist shot by Victor Oreskovich.
14:29 of 1st period - Shot Blocked by Patrick Kaleta.
14:31 of 1st period - Snap shot by Jason Demers.
14:31 of 1st period - Stopped by Maxime Daigneault without a rebound.
14:32 of 1st period - Nazem Kadri wins face-off versus Jonathan Toews in Devils zone.
14:43 of 1st period - Snap shot by Marian Gaborik.
14:43 of 1st period - Goal by Marian Gaborik - Devils : 1 - Bruins : 0.
14:44 of 1st period - Wojtek Wolski wins face-off versus Nazem Kadri in neutral zone.
14:58 of 1st period - Off-side.
14:59 of 1st period - Jonathan Toews wins face-off versus Nazem Kadri in neutral zone.
15:53 of 1st period - Snap shot by Andrei Kostitsyn.
15:53 of 1st period - Shot Misses the Net.
16:09 of 1st period - Kris Chucko is hit by Kristopher Letang and loses puck.
16:14 of 1st period - Snap shot by Tyler Ennis.
16:14 of 1st period - Shot Misses the Net.
16:16 of 1st period - Wrist shot by Marian Gaborik.
16:16 of 1st period - Shot Blocked by Samuel Morin.
16:26 of 1st period - Chris Stewart is hit by Zack Kassian and loses puck.
16:49 of 1st period - Slapshot by Michael Del Zotto.
16:49 of 1st period - Deflect By Marian Gaborik.
16:49 of 1st period - Shot Blocked by Scott Hartnell.
16:49 of 1st period - Puck is out of play.
16:50 of 1st period - Nick Bonino wins face-off versus Henrik Sedin in Bruins zone.
17:03 of 1st period - Wrist shot by Victor Oreskovich.
17:03 of 1st period - Stopped by Maxime Daigneault without a rebound.
17:04 of 1st period - Jonathan Toews wins face-off versus Nazem Kadri in Devils zone.
18:16 of 1st period - Off-side.
18:17 of 1st period - Nazem Kadri wins face-off versus Jonathan Toews in neutral zone.
18:31 of 1st period - Snap shot by Tyler Ennis.
18:31 of 1st period - Shot Misses the Net.
19:07 of 1st period - Samuel Morin is hit by Patrick Kaleta and loses puck.
19:42 of 1st period - Snap shot by Zach Parise.
19:42 of 1st period - Stopped by Kevin Poulin with a rebound.
19:50 of 1st period - Snap shot by Miikka Salomaki.
19:50 of 1st period - Shot Blocked by Matt Donovan.
19:52 of 1st period - Wrist shot by Casey Cizikas.
19:52 of 1st period - Shot Hit the Post.
Goals for this period are 1 for Devils vs 0 for Bruins.
Shots for this period are 4 for Devils vs 7 for Bruins.

2nd period


0:01 of 2nd period - Nazem Kadri wins face-off versus Jonathan Toews in neutral zone.
0:26 of 2nd period - Victor Oreskovich is hit by Zach Parise and loses puck.
0:35 of 2nd period - Snap shot by Chris Stewart.
0:35 of 2nd period - Shot Misses the Net.
0:37 of 2nd period - Wrist shot by Josh Gorges.
0:37 of 2nd period - Shot Misses the Net.
0:53 of 2nd period - Slapshot by Matt Read.
0:53 of 2nd period - Shot Blocked by Michael Del Zotto.
0:55 of 2nd period - Slapshot by Brendan Smith.
0:55 of 2nd period - Stopped by Maxime Daigneault with a rebound.
0:57 of 2nd period - Snap shot by Matt Read.
0:57 of 2nd period - Shot Misses the Net.
1:10 of 2nd period - Icing by Andrei Kostitsyn.
1:11 of 2nd period - Jonathan Toews wins face-off versus Nick Bonino in Bruins zone.
1:40 of 2nd period - Wrist shot by Victor Oreskovich.
1:40 of 2nd period - Stopped by Maxime Daigneault without a rebound.
1:41 of 2nd period - Victor Oreskovich wins face-off versus Jamie Arniel in Devils zone.
1:50 of 2nd period - Slapshot by Henrik Sedin.
1:50 of 2nd period - Shot Misses the Net.
1:52 of 2nd period - Snap shot by Victor Oreskovich.
1:52 of 2nd period - Shot Misses the Net.
1:54 of 2nd period - Wrist shot by Victor Oreskovich.
1:54 of 2nd period - Stopped by Maxime Daigneault without a rebound.
1:55 of 2nd period - Nazem Kadri wins face-off versus Jonathan Toews in Devils zone.
4:05 of 2nd period - Wrist shot by Henrik Sedin.
4:05 of 2nd period - Shot Blocked by Patrick Kaleta.
4:07 of 2nd period - Slapshot by Victor Oreskovich.
4:07 of 2nd period - Goal by Victor Oreskovich - Devils : 1 - Bruins : 1.
4:08 of 2nd period - Nazem Kadri wins face-off versus Jonathan Toews in neutral zone.
4:08 of 2nd period - Marian Gaborik is hit by Johnny Boychuk and loses puck.
4:30 of 2nd period - Minor Penalty to Wojtek Wolski for High sticking.
4:31 of 2nd period - Matt Read wins face-off versus Nazem Kadri in Bruins zone.
5:26 of 2nd period - Wrist shot by Anton Stralman.
5:26 of 2nd period - Deflect By Johnny Boychuk.
5:26 of 2nd period - Stopped by Kevin Poulin without a rebound.
5:27 of 2nd period - Nazem Kadri wins face-off versus Casey Cizikas in Bruins zone.
5:28 of 2nd period - Snap shot by Marian Gaborik.
5:28 of 2nd period - Deflect By Tyler Ennis.
5:28 of 2nd period - Shot Misses the Net.
5:28 of 2nd period - Puck is out of play.
5:29 of 2nd period - Casey Cizikas wins face-off versus Nazem Kadri in Bruins zone.
5:38 of 2nd period - Snap shot by Casey Cizikas.
5:38 of 2nd period - Shot Misses the Net.
5:40 of 2nd period - Slapshot by Andrei Kostitsyn.
5:40 of 2nd period - Stopped by Maxime Daigneault without a rebound.
5:41 of 2nd period - Nazem Kadri wins face-off versus Matt Read in Devils zone.
6:30 of 2nd period - Penalty to Wojtek Wolski is over, Wojtek Wolski is back on ice.
7:19 of 2nd period - Miikka Salomaki is hit by Thomas Hickey and loses puck.
7:36 of 2nd period - Wrist shot by Tyler Ennis.
7:36 of 2nd period - Stopped by Kevin Poulin with a rebound.
7:38 of 2nd period - Snap shot by Nazem Kadri.
7:38 of 2nd period - Stopped by Kevin Poulin with a rebound.
7:40 of 2nd period - Slapshot by Thomas Hickey.
7:40 of 2nd period - Stopped by Kevin Poulin without a rebound.
7:41 of 2nd period - Henrik Sedin wins face-off versus Jamie Arniel in Bruins zone.
8:08 of 2nd period - Kristopher Letang is hit by Matt Read and loses puck.
8:15 of 2nd period - Wrist shot by Andrei Kostitsyn.
8:15 of 2nd period - Shot Misses the Net.
8:17 of 2nd period - Wrist shot by Mike Ribeiro.
8:17 of 2nd period - Goal by Mike Ribeiro - Devils : 1 - Bruins : 2.
8:18 of 2nd period - Jonathan Toews wins face-off versus Nazem Kadri in neutral zone.
8:23 of 2nd period - Snap shot by Wojtek Wolski.
8:23 of 2nd period - Shot Misses the Net.
8:25 of 2nd period - Slapshot by Jonathan Toews.
8:25 of 2nd period - Deflect By Wojtek Wolski.
8:25 of 2nd period - Shot Blocked by Nazem Kadri.
8:25 of 2nd period - Puck is out of play.
8:26 of 2nd period - Marian Gaborik wins face-off versus Jonathan Toews in Devils zone.
8:41 of 2nd period - Zack Kassian is hit by Marian Gaborik and loses puck.
8:56 of 2nd period - Wrist shot by Wojtek Wolski.
8:56 of 2nd period - Shot Blocked by Nazem Kadri.
8:58 of 2nd period - Snap shot by Zack Kassian.
8:58 of 2nd period - Shot Misses the Net.
9:00 of 2nd period - Snap shot by Wojtek Wolski.
9:00 of 2nd period - Deflect By Zack Kassian.
9:00 of 2nd period - Shot Misses the Net.
9:00 of 2nd period - Puck is out of play.
9:01 of 2nd period - Jamie Arniel wins face-off versus Henrik Sedin in Devils zone.
9:01 of 2nd period - Jamie Arniel is hit by Henrik Sedin.
9:47 of 2nd period - Anton Stralman is hit by Kris Chucko and loses puck.
10:14 of 2nd period - Snap shot by Wojtek Wolski.
10:14 of 2nd period - Shot Blocked by Anton Stralman.
10:57 of 2nd period - Slapshot by Victor Oreskovich.
10:57 of 2nd period - Shot Blocked by Thomas Hickey.
10:59 of 2nd period - Snap shot by Scott Hartnell.
10:59 of 2nd period - Goal by Scott Hartnell - Devils : 1 - Bruins : 3.
11:00 of 2nd period - Nazem Kadri wins face-off versus Jonathan Toews in neutral zone.
11:17 of 2nd period - Wrist shot by Marian Gaborik.
11:17 of 2nd period - Shot Blocked by Jonathan Toews.
11:31 of 2nd period - Off-side.
11:32 of 2nd period - Jamie Arniel wins face-off versus Henrik Sedin in neutral zone.
11:45 of 2nd period - Dan Hamhuis is hit by Chris Stewart and loses puck.
11:58 of 2nd period - Josh Gorges is hit by Victor Oreskovich and loses puck.
12:05 of 2nd period - Dan Hamhuis is hit by Tyler Ennis and loses puck.
13:25 of 2nd period - Tyler Ennis is hit by Zack Kassian and loses puck.
13:54 of 2nd period - Snap shot by Tyler Ennis.
13:54 of 2nd period - Shot Misses the Net.
13:56 of 2nd period - Snap shot by Marian Gaborik.
13:56 of 2nd period - Goal by Marian Gaborik - Devils : 2 - Bruins : 3.
13:57 of 2nd period - Jamie Arniel wins face-off versus Jonathan Toews in neutral zone.
14:04 of 2nd period - Wrist shot by Zach Parise.
14:04 of 2nd period - Stopped by Kevin Poulin without a rebound.
14:05 of 2nd period - Jamie Arniel wins face-off versus Jonathan Toews in Bruins zone.
14:10 of 2nd period - Snap shot by Jamie Arniel.
14:10 of 2nd period - Deflect By Zack Kassian.
14:10 of 2nd period - Shot Misses the Net.
14:10 of 2nd period - Puck is out of play.
14:11 of 2nd period - Jonathan Toews wins face-off versus Nazem Kadri in Bruins zone.
14:31 of 2nd period - Minor Penalty to Marian Gaborik for Delaying the game.
14:32 of 2nd period - Henrik Sedin wins face-off versus Martin Samuelsson in Devils zone.
16:10 of 2nd period - Icing by Brendan Smith.
16:11 of 2nd period - Jonathan Toews wins face-off versus Brad Richards in Bruins zone.
16:31 of 2nd period - Penalty to Marian Gaborik is over, Marian Gaborik is back on ice.
16:46 of 2nd period - Snap shot by Casey Cizikas.
16:46 of 2nd period - Shot Misses the Net.
16:52 of 2nd period - Johnny Boychuk is hit by Marian Gaborik and loses puck.
17:01 of 2nd period - Snap shot by Marian Gaborik.
17:01 of 2nd period - Shot Blocked by Dan Hamhuis.
17:03 of 2nd period - Wrist shot by Marian Gaborik.
17:03 of 2nd period - Shot Misses the Net.
17:05 of 2nd period - Wrist shot by Marian Gaborik.
17:05 of 2nd period - Stopped by Kevin Poulin with a rebound.
17:07 of 2nd period - Slapshot by Josh Gorges.
17:07 of 2nd period - Shot Misses the Net.
17:09 of 2nd period - Snap shot by Marian Gaborik.
17:09 of 2nd period - Goal by Marian Gaborik - Devils : 3 - Bruins : 3.
17:10 of 2nd period - Jamie Arniel wins face-off versus Jonathan Toews in neutral zone.
17:13 of 2nd period - Brendan Smith is hit by Jamie Arniel and loses puck.
17:40 of 2nd period - Kristopher Letang is hit by Victor Oreskovich and loses puck.
17:43 of 2nd period - Minor Penalty to Jason Demers for Hooking.
17:44 of 2nd period - Wojtek Wolski wins face-off versus Nazem Kadri in Bruins zone.
18:17 of 2nd period - Snap shot by Jamie Arniel.
18:17 of 2nd period - Shot Misses the Net.
19:23 of 2nd period - Samuel Morin is hit by Marian Gaborik and loses puck.
19:43 of 2nd period - Penalty to Jason Demers is over, Jason Demers is back on ice.
Goals for this period are 2 for Devils vs 3 for Bruins.
Shots for this period are 8 for Devils vs 7 for Bruins.

3rd period


0:01 of 3rd period - Nazem Kadri wins face-off versus Jonathan Toews in neutral zone.
0:50 of 3rd period - Minor Penalty to Anton Stralman for Delaying the game.
0:51 of 3rd period - Henrik Sedin wins face-off versus Marian Gaborik in Devils zone.
1:03 of 3rd period - Slapshot by Zack Kassian.
1:03 of 3rd period - Deflect By Wojtek Wolski.
1:03 of 3rd period - Stopped by Maxime Daigneault with a rebound.
1:05 of 3rd period - Slapshot by Dan Hamhuis.
1:05 of 3rd period - Stopped by Maxime Daigneault with a rebound.
1:07 of 3rd period - Backhand shot by Henrik Sedin.
1:07 of 3rd period - Goal by Henrik Sedin - Devils : 3 - Bruins : 4.
1:08 of 3rd period - Nazem Kadri wins face-off versus Jonathan Toews in neutral zone.
1:21 of 3rd period - Snap shot by Tyler Ennis.
1:21 of 3rd period - Shot Misses the Net.
1:35 of 3rd period - Snap shot by Zach Parise.
1:35 of 3rd period - Stopped by Kevin Poulin with a rebound.
1:37 of 3rd period - Slapshot by Jamie Arniel.
1:37 of 3rd period - Deflect By Henrik Sedin.
1:37 of 3rd period - Goal by Jamie Arniel - Devils : 4 - Bruins : 4.
1:38 of 3rd period - Jonathan Toews wins face-off versus Nazem Kadri in neutral zone.
1:53 of 3rd period - Snap shot by Zack Kassian.
1:53 of 3rd period - Shot Hit the Post.
1:55 of 3rd period - Slapshot by Jason Demers.
1:55 of 3rd period - Stopped by Maxime Daigneault without a rebound.
1:56 of 3rd period - Henrik Sedin wins face-off versus Zach Parise in Devils zone.
2:11 of 3rd period - Backhand shot by Zach Parise.
2:11 of 3rd period - Stopped by Kevin Poulin with a rebound.
2:13 of 3rd period - Slapshot by Kristopher Letang.
2:13 of 3rd period - Shot Misses the Net.
2:23 of 3rd period - Wrist shot by Tyler Ennis.
2:23 of 3rd period - Stopped by Kevin Poulin with a rebound.
2:29 of 3rd period - Josh Gorges is hit by Jason Demers and loses puck.
2:34 of 3rd period - Snap shot by Zack Kassian.
2:34 of 3rd period - Shot Misses the Net.
2:46 of 3rd period - Andrei Kostitsyn is hit by Michael Del Zotto.
3:14 of 3rd period - Snap shot by Miikka Salomaki.
3:14 of 3rd period - Shot Hit the Post.
3:16 of 3rd period - Wrist shot by Miikka Salomaki.
3:16 of 3rd period - Stopped by Maxime Daigneault with a rebound.
3:47 of 3rd period - Wrist shot by Matt Donovan.
3:47 of 3rd period - Stopped by Kevin Poulin without a rebound.
3:48 of 3rd period - Brad Richards wins face-off versus Jonathan Toews in Bruins zone.
3:49 of 3rd period - Snap shot by Martin Samuelsson.
3:49 of 3rd period - Shot Blocked by Jonathan Toews.
4:07 of 3rd period - Snap shot by Wojtek Wolski.
4:07 of 3rd period - Stopped by Maxime Daigneault with a rebound.
4:09 of 3rd period - Wrist shot by Brendan Smith.
4:09 of 3rd period - Stopped by Maxime Daigneault without a rebound.
4:10 of 3rd period - Nazem Kadri wins face-off versus Henrik Sedin in Devils zone.
4:14 of 3rd period - Off-side.
4:15 of 3rd period - Henrik Sedin wins face-off versus Nazem Kadri in neutral zone.
4:15 of 3rd period - Victor Oreskovich is hit by Michael Del Zotto and loses puck.
4:26 of 3rd period - Wrist shot by Tyler Ennis.
4:26 of 3rd period - Stopped by Kevin Poulin without a rebound.
4:27 of 3rd period - Nazem Kadri wins face-off versus Jonathan Toews in Bruins zone.
4:40 of 3rd period - Snap shot by Zack Kassian.
4:40 of 3rd period - Stopped by Maxime Daigneault with a rebound.
4:44 of 3rd period - Slapshot by Zack Kassian.
4:44 of 3rd period - Shot Misses the Net.
4:59 of 3rd period - Slapshot by Michael Del Zotto.
4:59 of 3rd period - Stopped by Kevin Poulin with a rebound.
5:01 of 3rd period - Snap shot by Marian Gaborik.
5:01 of 3rd period - Stopped by Kevin Poulin with a rebound.
5:03 of 3rd period - Slapshot by Josh Gorges.
5:03 of 3rd period - Stopped by Kevin Poulin without a rebound.
5:04 of 3rd period - Jonathan Toews wins face-off versus Jamie Arniel in Bruins zone.
6:08 of 3rd period - Minor Penalty to Andrei Kostitsyn for Tripping.
6:09 of 3rd period - Tyler Ennis wins face-off versus Wojtek Wolski in Bruins zone.
6:22 of 3rd period - Slapshot by Tyler Ennis.
6:22 of 3rd period - Goal by Tyler Ennis - Devils : 5 - Bruins : 4.
6:23 of 3rd period - Nazem Kadri wins face-off versus Jonathan Toews in neutral zone.
6:37 of 3rd period - Off-side.
6:38 of 3rd period - Jonathan Toews wins face-off versus Jamie Arniel in neutral zone.
6:41 of 3rd period - Slapshot by Zack Kassian.
6:41 of 3rd period - Shot Misses the Net.
6:43 of 3rd period - Snap shot by Jonathan Toews.
6:43 of 3rd period - Deflect By Wojtek Wolski.
6:43 of 3rd period - Shot Misses the Net.
6:43 of 3rd period - Puck is out of play.
6:44 of 3rd period - Jamie Arniel wins face-off versus Jonathan Toews in Devils zone.
7:48 of 3rd period - Wrist shot by Zack Kassian.
7:48 of 3rd period - Stopped by Maxime Daigneault without a rebound.
7:49 of 3rd period - Nazem Kadri wins face-off versus Henrik Sedin in Devils zone.
8:20 of 3rd period - Snap shot by Patrick Kaleta.
8:20 of 3rd period - Stopped by Kevin Poulin without a rebound.
8:21 of 3rd period - Nazem Kadri wins face-off versus Andrei Kostitsyn in Bruins zone.
8:22 of 3rd period - Wrist shot by Tyler Ennis.
8:22 of 3rd period - Shot Blocked by Andrei Kostitsyn.
8:24 of 3rd period - Slapshot by Matt Donovan.
8:24 of 3rd period - Stopped by Kevin Poulin without a rebound.
8:25 of 3rd period - Nazem Kadri wins face-off versus Mike Ribeiro in Bruins zone.
8:28 of 3rd period - Slapshot by Tyler Ennis.
8:28 of 3rd period - Shot Misses the Net.
8:40 of 3rd period - Snap shot by Nazem Kadri.
8:40 of 3rd period - Stopped by Kevin Poulin with a rebound.
8:42 of 3rd period - Slapshot by Thomas Hickey.
8:42 of 3rd period - Stopped by Kevin Poulin without a rebound.
8:43 of 3rd period - Jamie Arniel wins face-off versus Jonathan Toews in Bruins zone.
8:52 of 3rd period - Chris Stewart is hit by Brendan Smith and loses puck.
9:21 of 3rd period - Slapshot by Victor Oreskovich.
9:21 of 3rd period - Stopped by Maxime Daigneault with a rebound.
9:39 of 3rd period - Snap shot by Brad Richards.
9:39 of 3rd period - Deflect By Patrick Kaleta.
9:39 of 3rd period - Goal by Patrick Kaleta - Devils : 6 - Bruins : 4.
9:39 of 3rd period - Josh Tordjman enters game.
9:40 of 3rd period - Jonathan Toews wins face-off versus Nazem Kadri in neutral zone.
10:30 of 3rd period - Slapshot by Marian Gaborik.
10:30 of 3rd period - Shot Misses the Net.
10:32 of 3rd period - Slapshot by Michael Del Zotto.
10:32 of 3rd period - Stopped by Josh Tordjman without a rebound.
10:33 of 3rd period - Jonathan Toews wins face-off versus Jamie Arniel in Bruins zone.
10:35 of 3rd period - Minor Penalty to Jonathan Toews for Goalie Interference.
10:36 of 3rd period - Jamie Arniel wins face-off versus Wojtek Wolski in Bruins zone.
12:35 of 3rd period - Penalty to Jonathan Toews is over, Jonathan Toews is back on ice.
13:36 of 3rd period - Martin Samuelsson is hit by Wojtek Wolski and loses puck.
13:57 of 3rd period - Slapshot by Jason Demers.
13:57 of 3rd period - Shot Misses the Net.
13:59 of 3rd period - Slapshot by Miikka Salomaki.
13:59 of 3rd period - Shot Blocked by Matt Donovan.
14:01 of 3rd period - Snap shot by Casey Cizikas.
14:01 of 3rd period - Shot Misses the Net.
14:08 of 3rd period - Icing by Matt Donovan.
14:09 of 3rd period - Henrik Sedin wins face-off versus Nazem Kadri in Devils zone.
15:06 of 3rd period - Off-side.
15:07 of 3rd period - Henrik Sedin wins face-off versus Jamie Arniel in neutral zone.
15:27 of 3rd period - Snap shot by Zach Parise.
15:27 of 3rd period - Shot Blocked by Brendan Smith.
15:29 of 3rd period - Wrist shot by Chris Stewart.
15:29 of 3rd period - Shot Blocked by Jason Demers.
15:31 of 3rd period - Slapshot by Michael Del Zotto.
15:31 of 3rd period - Shot Blocked by Brendan Smith.
15:37 of 3rd period - Snap shot by Zach Parise.
15:37 of 3rd period - Shot Blocked by Scott Hartnell.
15:39 of 3rd period - Slapshot by Josh Gorges.
15:39 of 3rd period - Stopped by Josh Tordjman without a rebound.
15:40 of 3rd period - Brad Richards wins face-off versus Mike Ribeiro in Bruins zone.
15:44 of 3rd period - Minor Penalty to Matt Read for Tripping.
15:45 of 3rd period - Zack Kassian wins face-off versus Nazem Kadri in Bruins zone.
15:53 of 3rd period - Wrist shot by Wojtek Wolski.
15:53 of 3rd period - Shot Misses the Net.
15:55 of 3rd period - Slapshot by Zack Kassian.
15:55 of 3rd period - Deflect By Wojtek Wolski.
15:55 of 3rd period - Shot Blocked by Kristopher Letang.
15:55 of 3rd period - Puck is out of play.
15:56 of 3rd period - Nazem Kadri wins face-off versus Wojtek Wolski in Devils zone.
16:12 of 3rd period - Tyler Ennis is hit by Wojtek Wolski and loses puck.
16:23 of 3rd period - Jason Demers is hit by Jamie Arniel and loses puck.
16:34 of 3rd period - Snap shot by Chris Stewart.
16:34 of 3rd period - Stopped by Josh Tordjman without a rebound.
16:35 of 3rd period - Henrik Sedin wins face-off versus Nazem Kadri in Bruins zone.
16:52 of 3rd period - Snap shot by Jamie Arniel.
16:52 of 3rd period - Shot Misses the Net.
16:54 of 3rd period - Slapshot by Michael Del Zotto.
16:54 of 3rd period - Goal by Michael Del Zotto - Devils : 7 - Bruins : 4.
16:55 of 3rd period - Marian Gaborik wins face-off versus Jonathan Toews in neutral zone.
17:57 of 3rd period - Slapshot by Brendan Smith.
17:57 of 3rd period - Deflect By Jamie Arniel.
17:57 of 3rd period - Stopped by Maxime Daigneault with a rebound.
17:59 of 3rd period - Slapshot by Brendan Smith.
17:59 of 3rd period - Shot Blocked by Michael Del Zotto.
18:01 of 3rd period - Slapshot by Henrik Sedin.
18:01 of 3rd period - Stopped by Maxime Daigneault with a rebound.
18:17 of 3rd period - Backhand shot by Marian Gaborik.
18:17 of 3rd period - Shot Blocked by Dan Hamhuis.
18:19 of 3rd period - Wrist shot by Tyler Ennis.
18:19 of 3rd period - Shot Misses the Net.
18:21 of 3rd period - Snap shot by Marian Gaborik.
18:21 of 3rd period - Stopped by Josh Tordjman without a rebound.
18:22 of 3rd period - Nazem Kadri wins face-off versus Scott Hartnell in Bruins zone.
18:27 of 3rd period - Wrist shot by Tyler Ennis.
18:27 of 3rd period - Stopped by Josh Tordjman with a rebound.
18:35 of 3rd period - Wrist shot by Victor Oreskovich.
18:35 of 3rd period - Deflect By Nazem Kadri.
18:35 of 3rd period - Shot Blocked by Matt Donovan.
18:35 of 3rd period - Puck is out of play.
18:36 of 3rd period - Nazem Kadri wins face-off versus Mike Ribeiro in Devils zone.
18:45 of 3rd period - Snap shot by Andrei Kostitsyn.
18:45 of 3rd period - Stopped by Maxime Daigneault without a rebound.
18:46 of 3rd period - Nazem Kadri wins face-off versus Mike Ribeiro in Devils zone.
19:10 of 3rd period - Slapshot by Dan Hamhuis.
19:10 of 3rd period - Stopped by Maxime Daigneault with a rebound.
19:12 of 3rd period - Snap shot by Andrei Kostitsyn.
19:12 of 3rd period - Shot Blocked by Tyler Ennis.
19:14 of 3rd period - Wrist shot by Matt Read.
19:14 of 3rd period - Stopped by Maxime Daigneault without a rebound.
19:15 of 3rd period - Jonathan Toews wins face-off versus Jamie Arniel in Devils zone.
19:30 of 3rd period - Snap shot by Jonathan Toews.
19:30 of 3rd period - Stopped by Maxime Daigneault with a rebound.
19:32 of 3rd period - Slapshot by Wojtek Wolski.
19:32 of 3rd period - Shot Blocked by Michael Del Zotto.
Goals for this period are 4 for Devils vs 1 for Bruins.
Shots for this period are 21 for Devils vs 16 for Bruins.